Map: Nephor I

Players

Linn

  • Race: Protoss Protoss
  • League: Platinum
  • Spawn Location: 1:00

ligro

  • Race: Terran Terran
  • League: Diamond
  • Spawn Location: 12:00

Zetsuboza

  • Race: Zerg Zerg
  • Spawn Location: 1:00

JohnMcClane - Winner!

  • Race: Protoss Protoss
  • League: Silver
  • Spawn Location: 6:00

JackONeill - Winner!

  • Race: Zerg Zerg
  • Spawn Location: 7:00

Hindulaatti - Winner!

  • Race: Terran Terran
  • League: Diamond
  • Spawn Location: 7:00

VOD

Have the link to the VOD?

Description

Time

  • Played on: Jan. 19, 2016, 12:37 p.m.
  • Length: 7:45
Show
View Real Time Build Order
Export as new Build Order

Linn Protoss 

Build Orders:  

Get SALT Encoding   

  12  0:01  Probe (Chrono Boost)  
  13  0:11  Probe (Chrono Boost)  
  14  0:18  Pylon  
  14  0:23  Probe (Chrono Boost)  
  15  0:37  Gateway  
  15  0:40  Probe (Chrono Boost)  
  16  0:50  Assimilator  
  16  0:54  Assimilator, Probe (Chrono Boost)  
  17  1:05  Probe (Chrono Boost)  
  19  1:18  Probe (Chrono Boost)  
  18  1:27  Cybernetics Core  
  18  1:29  Pylon, Probe (Chrono Boost)  
  19  1:39  Probe (Chrono Boost)  
  20  1:50  Probe (Chrono Boost)  
  21  2:00  Probe (Chrono Boost)  
  22  2:03  Warp Gate (Chrono Boost)  
  22  2:08  Adept  
  22  2:11  Mothership Core (Chrono Boost)  
  25  2:43  Probe (Chrono Boost)  
  26  2:44  Adept  
  28  2:53  Gateway  
  28  2:54  Nexus  
  28  2:56  Pylon  
  28  3:00  Pylon  
  28  3:11  Gateway  
  28  3:18  Probe  
  29  3:30  Probe  
  30  3:36  Pylon  
  30  3:54  Twilight Council  
  30  3:58  Forge  
  30  4:04  Gateway  
  30  4:07  Adept  
  32  4:14  Probe (Chrono Boost)  
  32  4:15  Probe (Chrono Boost)  
  34  4:23  Adept  
  36  4:25  Probe (Chrono Boost)  
  36  4:28  Adept  
  39  4:34  Resonating Glaives (Chrono Boost)  
  39  4:42  Photon Cannon  
  39  4:44  Probe  
  40  4:55  Photon Cannon  
  40  5:00  Pylon  
  40  5:09  Protoss Ground Weapons Level 1 (Chrono Boost)  
  40  5:10  Pylon  
  40  5:17  Assimilator  
  40  5:18  Probe  
  40  5:19  Probe  
  42  5:26  Stalker  
  44  5:31  Stalker  
  44  5:35  Probe  
  46  5:36  Probe  
  48  5:46  Probe  
  48  5:49  Probe  
  50  5:56  Probe  
  50  5:58  Stalker  
  50  5:59  Stalker  
  55  6:05  Robotics Facility  
  55  6:11  Pylon  
  55  6:16  Stalker  
  57  6:32  Stalker x3  
  63  6:43  Stalker  
  65  6:48  Gateway  
  65  6:50  Gateway  
  59  7:08  Stalker x2  
  41  7:26  Stalker x2  
  45  7:35  Stalker  
  45  7:36  Stalker  
Show
View Real Time Build Order
Export as new Build Order

ligro Terran 

Build Orders: 1/1/1, Banshee Rush 

Get SALT Encoding   

  12  0:00  SCV  
  13  0:13  SCV  
  14  0:22  Supply Depot  
  14  0:26  SCV  
  15  0:31  Refinery  
  15  0:44  SCV  
  15  0:46  Barracks  
  16  0:56  SCV  
  17  1:04  Refinery  
  17  1:08  SCV  
  18  1:20  SCV  
  20  1:33  Factory  
  20  1:34  Orbital Command  
  20  1:38  Supply Depot  
  19  1:42  Barracks Reactor  
  19  2:00  SCV  
  20  2:12  SCV  
  21  2:23  Starport  
  21  2:27  Hellion x2  
  21  2:28  SCV  
  26  2:31  Supply Depot  
  26  2:36  Barracks Tech Lab  
  26  2:40  SCV  
  27  2:45  Engineering Bay  
  27  2:53  Hellion  
  27  2:54  Hellion  
  32  2:58  SCV  
  32  3:10  Banshee  
  32  3:12  Cloaking Field  
  35  3:17  Missile Turret  
  35  3:21  Widow Mine  
  35  3:24  Widow Mine  
  39  3:44  Supply Depot  
  39  4:03  Medivac  
  39  4:05  Widow Mine x2, SCV  
  44  4:17  SCV  
  44  4:18  Command Center  
  44  4:23  Missile Turret  
  45  4:29  Supply Depot, SCV  
  46  4:51  Widow Mine  
  46  4:52  Widow Mine  
  47  5:24  Liberator x2  
  47  5:29  Orbital Command  
  47  5:38  Refinery x2  
  53  5:45  SCV  
  54  5:56  Supply Depot, Armory  
  54  5:58  SCV  
  54  5:59  Supply Depot, SCV  
  56  6:07  Liberator  
  56  6:13  Siege Tank  
  56  6:17  Liberator  
  51  6:54  Siege Tank  
  51  7:00  SCV x2  
  50  7:05  Command Center  
Show
View Real Time Build Order
Export as new Build Order

Zetsuboza Zerg 

Build Orders: Hatch First 

Get SALT Encoding   

  12  0:01  Drone  
  13  0:08  Drone  
  14  0:18  Overlord  
  14  0:36  Drone x2  
  14  0:37  Drone  
  17  0:49  Drone  
  18  0:59  Hatchery  
  18  1:03  Drone  
  18  1:09  Drone, Extractor  
  18  1:21  Spawning Pool  
  17  1:37  Drone x2  
  19  1:50  Overlord  
  19  2:01  Drone  
  19  2:07  Queen  
  22  2:11  Queen  
  22  2:12  Drone  
  25  2:18  Roach Warren  
  24  2:24  Drone x2  
  24  2:25  Drone  
  27  2:30  Drone  
  28  2:44  Lair  
  28  2:48  Drone x3  
  31  2:53  Overlord  
  31  3:04  Drone x2  
  33  3:11  Drone x2  
  35  3:16  Overlord  
  35  3:19  Drone x2  
  38  3:20  Drone  
  38  3:25  Extractor  
  37  3:30  Drone x2  
  39  3:34  Extractor  
  39  3:36  Spore Crawler  
  37  3:42  Spore Crawler  
  37  3:44  Glial Reconstitution  
  36  3:53  Hydralisk Den  
  35  3:57  Drone x5  
  35  4:00  Drone x3  
  43  4:09  Drone x3  
  47  4:10  Drone x2  
  48  4:19  Evolution Chamber  
  47  4:32  Evolution Chamber  
  47  4:37  Drone x2, Overlord x2  
  47  4:38  Drone x3  
  51  4:40  Overseer  
  51  4:48  Muscular Augments  
  51  4:49  Spore Crawler  
  50  5:10  Hatchery, Extractor  
  50  5:12  Spore Crawler  
  47  5:18  Spore Crawler  
  47  5:20  Spore Crawler  
  47  5:21  Queen  
  45  5:27  Zerg Ground Armor Level 1, Zerg Missile Weapons Level 1  
  47  5:40  Hydralisk x5  
  47  5:41  Hydralisk, Overlord x2  
  47  5:42  Hydralisk  
  61  5:57  Overlord  
  61  6:16  Queen  
  61  6:18  Hydralisk x5  
  57  6:19  Hydralisk x3  
  65  6:31  Hydralisk x2  
  71  6:33  Hydralisk  
  59  6:57  Roach x4  
  59  6:58  Roach x3  
Show
View Real Time Build Order
Export as new Build Order

JohnMcClane Protoss - Winner!

Build Orders: Nexus First 

Get SALT Encoding   

  12  0:01  Probe (Chrono Boost)  
  13  0:11  Probe (Chrono Boost)  
  14  0:22  Pylon  
  14  0:24  Probe (Chrono Boost)  
  15  0:40  Probe (Chrono Boost)  
  16  0:56  Nexus  
  16  1:00  Probe (Chrono Boost)  
  17  1:10  Gateway  
  17  1:13  Probe (Chrono Boost)  
  18  1:23  Probe (Chrono Boost)  
  19  1:29  Assimilator  
  19  1:34  Probe (Chrono Boost)  
  19  1:36  Assimilator  
  20  1:44  Pylon  
  20  1:53  Probe (Chrono Boost)  
  21  1:58  Cybernetics Core  
  21  2:04  Probe (Chrono Boost)  
  22  2:10  Probe (Chrono Boost)  
  22  2:14  Probe (Chrono Boost)  
  24  2:21  Probe (Chrono Boost)  
  25  2:32  Probe (Chrono Boost)  
  26  2:37  Warp Gate (Chrono Boost)  
  26  2:38  Probe (Chrono Boost)  
  26  2:43  Mothership Core (Chrono Boost)  
  29  2:48  Probe (Chrono Boost)  
  30  2:52  Pylon  
  30  2:58  Probe (Chrono Boost)  
  30  2:59  Assimilator  
  30  3:01  Probe (Chrono Boost)  
  32  3:06  Gateway  
  32  3:10  Gateway  
  32  3:18  Stargate  
  32  3:20  Probe  
  32  3:21  Probe  
  34  3:30  Probe  
  34  3:33  Probe  
  36  3:40  Pylon  
  36  3:52  Probe  
  36  3:53  Probe  
  38  4:00  Pylon  
  38  4:01  Phoenix (Chrono Boost)  
  40  4:03  Probe  
  40  4:08  Probe  
  42  4:12  Pylon  
  42  4:14  Probe  
  43  4:18  Assimilator  
  43  4:20  Probe  
  44  4:24  Probe  
  44  4:26  Phoenix (Chrono Boost)  
  44  4:29  Pylon  
  47  4:31  Pylon  
  47  4:33  Probe  
  45  4:38  Stalker x2  
  42  5:02  Probe  
  42  5:03  Probe  
  42  5:08  Phoenix (Chrono Boost)  
  42  5:12  Probe  
  45  5:15  Probe  
  45  5:17  Stalker  
  45  5:18  Stalker x2  
  52  5:22  Protoss Air Weapons Level 1  
  52  5:25  Stargate  
  52  5:28  Probe  
  52  5:29  Probe  
  54  5:39  Phoenix (Chrono Boost), Probe  
  54  5:41  Probe  
  58  5:49  Probe  
  59  6:05  Phoenix (Chrono Boost), Stalker x3  
  67  6:14  Probe  
  67  6:15  Forge, Probe  
  69  6:27  Probe  
  69  6:29  Phoenix (Chrono Boost)  
  72  7:07  Pylon  
  72  7:11  Phoenix (Chrono Boost)  
  72  7:14  Probe  
  74  7:16  Probe  
  74  7:17  Zealot x3  
  74  7:18  Phoenix (Chrono Boost)  
Show
View Real Time Build Order
Export as new Build Order

JackONeill Zerg - Winner!

Build Orders: Hatch First 

Get SALT Encoding   

  12  0:00  Drone  
  13  0:08  Drone  
  14  0:18  Overlord  
  14  0:25  Extractor  
  14  0:26  Drone  
  15  0:38  Drone x2  
  17  0:46  Drone  
  18  1:05  Hatchery  
  18  1:11  Spawning Pool  
  16  1:13  Drone  
  17  1:19  Drone  
  17  1:21  Drone  
  19  1:28  Extractor  
  19  1:30  Drone  
  19  1:40  Overlord  
  19  1:51  Drone  
  20  2:00  Queen  
  22  2:01  Drone  
  23  2:12  Drone  
  24  2:17  Drone  
  24  2:20  Queen  
  24  2:22  Drone  
  28  2:33  Drone x2  
  30  2:41  Roach Warren  
  30  2:43  Extractor  
  28  2:44  Drone x2  
  30  2:53  Overlord  
  30  2:55  Drone  
  31  3:09  Overlord  
  31  3:21  Roach x5  
  31  3:23  Lair  
  31  3:26  Overlord  
  41  3:33  Drone x3  
  41  3:34  Drone x2  
  46  3:42  Evolution Chamber, Spore Crawler  
  44  3:50  Roach x2  
  48  3:56  Ravager x2  
  48  4:01  Drone x3  
  53  4:08  Overlord  
  53  4:11  Drone x3  
  53  4:15  Extractor  
  53  4:17  Extractor  
  54  4:22  Glial Reconstitution  
  54  4:26  Overlord  
  54  4:38  Spore Crawler  
  53  4:50  Overseer  
  53  4:57  Overlord  
  53  4:58  Overlord  
  53  4:59  Drone x3  
  56  5:00  Drone x3  
  56  5:05  Roach x4  
  67  5:09  Zerg Ground Armor Level 1  
  67  5:22  Queen  
  67  5:25  Hatchery  
  68  5:29  Ravager x2  
  68  5:33  Drone x3  
  73  5:47  Roach x3  
  73  5:48  Roach x2  
  73  5:49  Overlord  
  83  5:58  Overlord x2  
  83  6:26  Roach x3  
  83  6:27  Roach x6  
  83  6:28  Roach  
  91  6:55  Drone x6  
  91  7:00  Spine Crawler  
  96  7:04  Roach x4  
  95  7:22  Roach x4  
Show
View Real Time Build Order
Export as new Build Order

Hindulaatti Terran - Winner!

Build Orders:  

Get SALT Encoding   

  12  0:01  SCV  
  13  0:13  SCV  
  14  0:19  Supply Depot  
  14  0:25  SCV  
  15  0:41  SCV, Barracks  
  16  0:47  Refinery  
  16  0:53  SCV  
  17  1:05  SCV  
  18  1:17  SCV  
  19  1:28  Marine  
  19  1:30  Orbital Command  
  20  1:46  Command Center  
  20  1:48  Marine  
  21  1:58  Factory  
  21  2:01  SCV  
  22  2:06  Marine  
  23  2:19  Supply Depot  
  23  2:27  Factory  
  23  2:31  Refinery  
  23  2:41  SCV  
  24  2:44  Factory Tech Lab  
  24  2:46  Marine  
  25  3:01  SCV  
  25  3:03  Orbital Command  
  25  3:04  Marine  
  27  3:08  Siege Tank  
  30  3:13  Refinery, SCV  
  30  3:18  Factory Reactor  
  31  3:24  Barracks Tech Lab  
  31  3:25  SCV  
  32  3:30  Barracks  
  32  3:34  SCV  
  33  3:37  SCV  
  34  3:46  SCV, Siege Tank  
  38  3:50  SCV  
  38  3:54  Marine  
  40  3:57  Widow Mine  
  40  3:58  SCV  
  40  4:01  Widow Mine  
  40  4:02  SCV  
  46  4:09  Stimpack  
  46  4:14  Supply Depot  
  46  4:18  Supply Depot  
  46  4:19  Barracks Reactor  
  46  4:30  Starport  
  46  4:36  SCV  
  47  4:41  Engineering Bay  
  47  4:42  Supply Depot  
  47  4:45  Widow Mine, Siege Tank  
  50  4:46  Marine  
  53  4:58  Marine x2  
  53  4:59  SCV  
  56  5:00  SCV  
  56  5:04  Supply Depot, Marine  
  58  5:09  Missile Turret  
  58  5:10  Missile Turret  
  58  5:11  Starport Reactor  
  58  5:16  Marine x2  
  58  5:17  SCV  
  58  5:19  SCV  
  62  5:33  Siege Tank, Hellion x2  
  69  5:36  Marine x2  
  69  5:41  Supply Depot  
  71  5:47  Terran Infantry Weapons Level 1  
  71  5:51  SCV x2  
  73  5:57  Refinery  
  73  5:58  Supply Depot x2  
  73  6:01  Widow Mine  
  73  6:02  Widow Mine, Marine  
  78  6:07  Medivac  
  78  6:08  SCV  
  78  6:10  SCV  
  82  6:13  Medivac  
  81  6:42  Medivac  
  81  6:43  Medivac, Marine, Siege Tank, Hellion  
  81  6:44  Marauder, Marine, Hellion  
  81  6:45  SCV x2  
  98  6:50  Engineering Bay  
  98  6:55  Supply Depot  
  98  6:56  Supply Depot  
  96  7:01  Marine  
  97  7:14  Medivac x2, Marauder, Marine  
  100  7:19  Marine  
Tags
 
Add a new tag
Caveats
  • Supply blocks, unpowered buildings, or Contaminate may cause inaccurate times.
  • Supply counts are checked every 10 seconds.